 Dungeon Crawl Stone Soup version 0.27.0-1-g7a089689b8 (webtiles) character file.

Game seed: 7721779147183587992

228 dolemite99 the Slasher (level 6, -7/43 HPs)
             Began as a Djinni Gladiator on Aug 12, 2021.
             Splashed by a jelly's acid (10 damage)
             ... on level 4 of the Dungeon.
             The game lasted 00:05:05 (5775 turns).

dolemite99 the Slasher (Djinni Gladiator)           Turns: 5775, Time: 00:05:06

Health: -7/43      AC:  1    Str: 13 (15) XL:     6   Next: 23%
Gold:   222        EV:  6    Int:  8 (9)  God:
                   SH:  0    Dex: 15

rFire    + + .     SeeInvis .   a - +0 long sword
rCold    x . .     Faith    .   (no shield)
rNeg     . . .     Spirit   .   t - +0 chain mail
rPois    ∞         Reflect  .   c - +0 helmet
rElec    .         Harm     .   B - scarf {shadows}
rCorr    .         Rampage  .   (no gloves)
Will     .....                  (boots unavailable)
Stlth    ..........             (no amulet)
HPRegen  0.14/turn              (no ring)
MPRegen  0.00/turn              (no ring)

@: corroded, attractive, flying
A: sickness immunity, fire resistance 2, cold vulnerability 1, float, innate
caster, hp casting, extra vitality 1
a: no special abilities


You were on level 4 of the Dungeon.
You visited 1 branch of the dungeon, and saw 4 of its levels.

You collected 222 gold pieces.

Inventory:

Hand Weapons
 a - a +0 long sword (weapon)
 A - a +2 whip of holy wrath
Missiles
 d - 3 throwing nets
 e - 87 stones
 h - 70 arrows
 s - 44 sling bullets
 w - 8 javelins (quivered)
Armour
 b - a +0 leather armour
 c - a +0 helmet (worn)
 p - a +0 cloak
 t - a +0 chain mail (worn)
 B - a scarf of shadows (worn)
Jewellery
 z - an amulet of regeneration
Wands
 v - a wand of mindburst (10)
Scrolls
 f - a scroll of silence {unknown}
 g - 2 scrolls of enchant weapon {unknown}
 j - a scroll of blinking {unknown}
 l - a scroll of noise {unknown}
 m - 2 scrolls of identify {unknown}
 n - 3 scrolls of fear {unknown}
 q - a scroll of teleportation {unknown}
 r - a scroll of acquirement {unknown}
 u - a scroll of amnesia {unknown}
 y - a scroll of immolation {unknown}
Potions
 i - 2 potions of magic
 k - a potion of flight {unknown}
 o - a potion of attraction
 x - 2 potions of mutation {unknown}


   Skills:
 - Level 2.0 Fighting
 + Level 5.9 Long Blades
 - Level 1.5 Throwing
 - Level 3.2 Dodging


You had 2 spell levels left.
You knew the following spells:

 Your Spells              Type           Power      Damage    Failure   Level
a - Corona                Hex            0%         N/A       100%        1
b - Searing Ray           Conj           0%         3d3       100%        2
Your spell library was empty.


Dungeon Overview and Level Annotations

Branches:
Dungeon (4/15)
 Temple: D:4-7

Altars:
Kikubaaqudgha
Vehumet
Xom
Zin
The Shining One

Shops:
D:3 [

Annotations:
D:4 2 transporters, 3 runed translucent doors, shummie's ghost, amateur NaSu


Innate Abilities, Weirdness & Mutations

You are immune to sickness and miasma.
You are immune to poison.
Your flesh is very heat resistant. (rF++)
You are vulnerable to cold. (rC-)
You float through the air rather than walking.
You learn spells naturally, not from books.
Your magical power is your life essence.
You have superior vitality. (+4 HP)


Message History

The kobold is severely wounded.
The kobold hits you but does no damage.
You slash the kobold!
You kill the kobold!
e - 87 stones (gained 2)
Things that are here:
a +0 dagger; a kobold corpse No target in view!
An adder comes into view.
The adder hisses angrily.
The adder bites you but does no damage.
You closely miss the adder. The adder bites you. The adder barely misses you.
You slash the adder!
The adder is almost dead.
The adder barely misses you.
You riposte.
You hit the adder.
You kill the adder!
You see here an adder corpse.
HP restored.
The jelly quivers.
A jelly is nearby!
You hit the jelly. The acid corrodes you!
Your hands burn!
The jelly is moderately wounded.
The jelly hits you. The acid corrodes you!
You are splashed with acid!
You hit the jelly but do no damage.
Your hands burn!
The jelly is moderately wounded.
The jelly hits you.
You are splashed with acid!
You hit the jelly.
Your hands burn!
The jelly is moderately wounded.
The jelly hits you.
You are splashed with acid!
* * * LOW HITPOINT WARNING * * *
You hit the jelly but do no damage. The acid corrodes you!
Your hands burn!
* * * LOW HITPOINT WARNING * * *
The jelly is moderately wounded.
The jelly hits you but does no damage.
It was a potion of attraction.
You feel attractive to monsters. The jelly hits you.
* * * LOW HITPOINT WARNING * * *
You are splashed with acid!
You die...

###### ##....### #.......### #
###....>....#
#####...........## ## ##
..##.............# ##.### #.#
..............>######....####.#
....###...................#...#
..### #.........@............##
### ##.########J............#
#.## #..............# #..#
#..............# ##.#
##..............## #.##
#................# #..#
#.....<..........## ##.##
#................##
#..###................##


You could see a jelly.

Vanquished Creatures
  A scorpion (D:4)
  5 adders
  2 adder skeletons (D:4)
  A worm (D:4)
  3 dart slugs
  14 orcs
  8 ball pythons
  6 endoplasms
  2 giant cockroaches
  8 goblins
  6 hobgoblins
  11 jackals
  7 kobolds
  2 quokkas
  6 bats
  2 frilled lizards (D:2)
  3 rats
87 creatures vanquished.

Vanquished Creatures (others)
  7 withered plants (D:3)
7 creatures vanquished.

Grand Total: 94 creatures vanquished

Notes
Turn   | Place    | Note
-------+----------+-------------------------------------------
     0 | D:1      | dolemite99 the Djinni Gladiator began the quest for the
                  | Orb.
     0 | D:1      | Reached XP level 1. HP: 18/18 MP: 0/0
   109 | D:1      | Reached skill level 3 in Long Blades
   172 | D:1      | Reached XP level 2. HP: 23/23 MP: 0/0
   562 | D:1      | Reached XP level 3. HP: 28/28 MP: 0/0
   562 | D:1      | Learned a level 1 spell: Corona
  1475 | D:2      | Reached skill level 4 in Long Blades
  1508 | D:2      | Found a glowing silver altar of Zin.
  1726 | D:2      | Reached XP level 4. HP: 29/33 MP: 0/0
  2305 | D:2      | Found a faded altar of an unknown god.
  2834 | D:3      | HP: 1/33 [orc (5)]
  2943 | D:3      | Reached XP level 5. HP: 11/38 MP: 0/0
  2943 | D:3      | Learned a level 2 spell: Searing Ray
  3464 | D:3      | Found Paadefre's Antique Armour Boutique.
  3527 | D:3      | Found a shimmering altar of Xom.
  3565 | D:3      | Reached skill level 5 in Long Blades
  4424 | D:3      | Found a glowing silver altar of Zin.
  4424 | D:3      | Noticed an angel
  4489 | D:4      | Found a transporter.
  4757 | D:4      | Reached XP level 6. HP: 23/43 MP: 0/0
  5049 | D:4      | Found a glowing golden altar of the Shining One.
  5189 | D:4      | Noticed shummie's ghost (amateur NaSu)
  5191 | D:4      | Found a runed translucent gate.
  5192 | D:4      | Found a runed translucent gate.
  5193 | D:4      | Found a runed translucent gate.
  5419 | D:4      | Found a transporter.
  5775 | D:4      | Splashed by a jelly's acid

Illustrated notes

Levels and vault maps discovered:
D:1:      kennysheep_arrival_seaside, layout_basic, minmay_pentomino_o4
D:2:      wad_river_or_something, layout_loops_cross,
          chequers_ecumenical_altar_island, basic_altar
D:3:      layout_loops_ring, zin_angel, mainiacjoe_overflow_alcove_1,
          kiku_gazebo_garden_becter, serial_shops, shop_statue
D:4:      gammafunk_wand_slinger, layout_cave_pods, lemuel_tele_altar,
          nicolae_vehumet_radiance, gammafunk_ghost_nasty_kobolds

Skill      XL: |  1  2  3  4  5 |
---------------+----------------+-----
Long Blades    | 3 4 5 |  5.9
Fighting       | |  2.0
Throwing       | |  1.5
Dodging        | |  3.2

Action                   |  1- 3 |  4- 6 || total
-------------------------+-------+-------++-------
Melee: Long sword        |    87 |   192 ||   279
Throw: Javelin           |       |     9 ||     9
  Use: Potion            |       |     5 ||     5
 Stab: Sleeping          |     2 |       ||     2
Armor: Leather armour    |    44 |     1 ||    45
       Chain mail        |       |   124 ||   124
Dodge: Dodged            |    60 |    74 ||   134
       Rpst.: Long sword |    18 |    20 ||    38
